 Dungeon Crawl Stone Soup version 0.20.0-15-g7f486f2 (webtiles) character file.

109 rlgrobin the Skirmisher (level 4, -4/49 HPs)
             Began as a Centaur Chaos Knight on June 18, 2017.
             Slain by a hobgoblin
             ... wielding a +0 club
              (5 damage)
             ... on level 3 of the Dungeon.
             The game lasted 00:04:13 (4836 turns).

rlgrobin the Skirmisher (Centaur Chaos Knight)      Turns: 4836, Time: 00:04:13

Health: -4/49      AC:  8    Str: 13 (15) XL:     4   Next: 60%
Magic:  4/4        EV:  6    Int: 11      God:    Xom [....*.]
Gold:   129        SH: 10    Dex: 12 (13) Spells: 3/3 levels left

rFire    . . .     SeeInvis .   a - +3 mace (chaos)
rCold    + + .     Gourm    .   l - +0 shield
rNeg     . . .     Faith    .   b - +2 leather armour
rPois    .         Spirit   .   (helmet restricted)
rElec    +         Reflect  .   (no cloak)
rCorr    .         Harm     .   (no gloves)
MR       +....     Rnd*Rage +   (no barding)
Stlth    +.........             (no amulet)
Regen    0.2/turn               (no ring)
MPRegen  0.1/turn               (no ring)

@: very quick
A: antennae 1, hooves 3, large bone plates 1, thin metallic scales 1, agile 2,
berserk 1, cold resistance 2, deformed body, deterioration 1, speed 2, magic
resistance 1, robust 2, electricity resistance, tough skin 3, evolution 1,
sturdy frame 1
a: Renounce Religion


You were on level 3 of the Dungeon.
You worshipped Xom.
You were a beloved toy of Xom.
You were near starving.

You visited 1 branch of the dungeon, and saw 3 of its levels.

You collected 129 gold pieces.


Innate Abilities, Weirdness & Mutations

You have hooves in place of feet.
Armour fits poorly on your strangely shaped body.
You cover ground very quickly.
You have extremely tough skin. (AC +3)
You have a pair of small antennae on your head.
You are partially covered in large bone plates. (SH +4)
You are partially covered in thin metallic scales. (AC +2)
You are very agile. (Dex +4)
You tend to lose your temper in combat.
Your flesh is very cold resistant. (rC++)
Your body sometimes deteriorates upon taking damage.
You are resistant to hostile enchantments. (MR+)
You are very robust. (+20% HP)
You are resistant to electric shocks. (rElec)
You evolve.
Your movements are slightly less encumbered by armour. (ER -2)


   Skills:
 + Level 4.3 Fighting
 + Level 3.9 Maces & Flails
 - Level 1.3 Armour
 - Level 0.6 Dodging


You had 3 spell levels left.
You didn't know any spells.

Inventory:

Hand Weapons
 a - a +3 mace of chaos (weapon)
Armour
 b - a +2 leather armour (worn)
 l - a +0 shield (worn)
Scrolls
 d - a scroll of remove curse
 n - a scroll of teleportation {@r4}

Dungeon Overview and Level Annotations

Branches:
Dungeon (3/15)

Altars:
Xom

...≈≈▒≈≈▒▒.....▒..▒▒.......▒▒...▒
...≈≈▒≈≈▒▒.▒...▒▒................
..▒≈≈≈≈≈▒▒.▒.▒...▒........▒▒)....
▒..≈▒▒▒≈▒▒.▒.▒▒▒..........▒▒▒..▒.
▒..≈≈≈≈≈............▒.....▒▒▒.)▒.
▒▒.▒▒.▒▒▒..........▒▒............
▒....▒ ▒..........▒▒.....▒.....▒
▒▒▒▒.▒▒▒▒......B...▒...........▒▒
....÷..........Sc.......▒.▒..?...
.......▒▒......g....)...▒.▒.▒....
......(.(...........(............
...÷.(▒▒▒.........▒▒..........▒▒▒
....(.▒▒▒.........▒▒▒...▒▒▒▒▒.▒▒▒
▒▒▒▒▒.............▒ ▒.▒.▒▒▒▒▒))..
▒...▒▒▒..▒▒▒▒▒▒ ▒.▒.▒▒.....▒▒
▒...▒ ▒..▒ ▒▒▒▒▒.▒.....(.>▒▒
▒▒▒▒▒ ▒..▒▒▒▒........▒▒)...▒


You could see a giant cockroach, a hobgoblin and a ball python.


Message History

Orders for allies: a - Attack new target! r - Retreat!!! s - Stop attacking! g - Guard the area! f - Follow me!
Anything else - Cancel!
You shout for attention!!!
You block the hobgoblin's attack!
The ball python bites you! * * * don't die
* * * You block the giant cockroach's attack!
What are your orders? t - Shout!!!
Orders for allies: a - Attack new target! r - Retreat!!! s - Stop attacking! g - Guard the area! f - Follow me!
Anything else - Cancel!
You shout for attention!!!
You block the ball python's attack!
The hobgoblin hits you but does no damage!
The giant cockroach bites you but does no damage!
The ball python bites you! * * * don't die
* * * What are your orders? t - Shout!!!
Orders for allies: a - Attack new target! r - Retreat!!! s - Stop attacking! g - Guard the area! f - Follow me!
Anything else - Cancel!
You shout for attention!!!
The giant cockroach bites you but does no damage!
The hobgoblin hits you with a club! rip

Action                   |  1- 3 |  4- 6 || total
-------------------------+-------+-------++-------
Melee: Mace              |    88 |    33 ||   121
       Kick              |     8 |     3 ||    11
  Use: Scroll            |     7 |     2 ||     9
       Potion            |     7 |       ||     7
 Stab: Petrifying        |     1 |       ||     1
       Paralysed         |     1 |       ||     1
  Eat: Bread ration      |       |     2 ||     2
Armor: Leather armour    |    43 |   165 ||   208
       Skin              |     1 |       ||     1
Dodge: Dodged            |    36 |    71 ||   107
Block: Other             |    14 |    10 ||    24
       Shield            |       |   156 ||   156

Vault maps used:
D:1:      dpeg_arrival_pits
D:2:      first_bread
D:3:      minmay_crystal_water

Notes
Turn   | Place    | Note
-------+----------+-------------------------------------------
     0 | D:1      | rlgrobin the Centaur Chaos Knight began the quest for the Orb.
     0 | D:1      | Reached XP level 1. HP: 19/19 MP: 1/1
    38 | D:1      | XOM: harmless Tloc miscast
    73 | D:1      | XOM: divination: detect items
   446 | D:1      | Reached skill level 3 in Maces & Flails
   446 | D:1      | Reached XP level 2. HP: 18/26 MP: 2/2
   492 | D:1      | XOM: harmless Pois miscast
   980 | D:2      | Gained mutation: You are partially covered in large bone plates. (SH +4) [potion of mutation]
   980 | D:2      | Gained mutation: You tend to lose your temper in combat. [potion of mutation]
   980 | D:2      | Gained mutation: Your body sometimes deteriorates upon taking damage. [potion of mutation]
   980 | D:2      | Gained mutation: You are partially covered in thin metallic scales. (AC +2) [potion of mutation]
  1191 | D:3      | Reached XP level 3. HP: 26/31 MP: 3/3
  1392 | D:3      | XOM: medium Tloc miscast
  1972 | D:3      | Reached skill level 4 in Fighting
  1972 | D:3      | Reached XP level 4. HP: 40/40 MP: 4/4
  2216 | D:3      | Paralysed by fainting for 12 turns
  2274 | D:3      | Paralysed by fainting for 9 turns
  2549 | D:3      | XOM: harmless Tloc miscast
  2778 | D:3      | XOM: cloud trail
  2780 | D:3      | XOM: give mutations
  2780 | D:3      | Gained mutation: You evolve. [Xom's grace]
  2780 | D:3      | Gained mutation: You have a pair of small antennae on your head. [Xom's grace]
  2780 | D:3      | Gained mutation: Your movements are slightly less encumbered by armour. (ER -2) [Xom's grace]
  2821 | D:3      | XOM: scenery: create altars
  3170 | D:3      | XOM: summons 2 hostile demons
  3531 | D:3      | XOM: 4-stop teleportation journey
  3646 | D:3      | Paralysed by fainting for 5 turns
  3662 | D:3      | Paralysed by fainting for 10 turns
  3675 | D:3      | Paralysed by fainting for 5 turns
  3734 | D:3      | Paralysed by fainting for 10 turns
  3855 | D:3      | XOM: god gift: scroll of random uselessness
  4220 | D:3      | XOM: 7-stop teleportation journey
  4468 | D:3      | XOM: give mutations
  4468 | D:3      | Gained mutation: You are resistant to electric shocks. (rElec) [Xom's grace]
  4468 | D:3      | Gained mutation: Your flesh is cold resistant. (rC+) [Xom's grace]
  4468 | D:3      | Gained mutation: You are agile. (Dex +2) [Xom's grace]
  4530 | D:3      | XOM: give mutations
  4530 | D:3      | Gained mutation: Your flesh is very cold resistant. (rC++) [Xom's grace]
  4530 | D:3      | Gained mutation: You are robust. (+10% HP) [Xom's grace]
  4530 | D:3      | Gained mutation: You are very robust. (+20% HP) [Xom's grace]
  4530 | D:3      | Gained mutation: You are very agile. (Dex +4) [Xom's grace]
  4760 | D:3      | Gained mutation: You are resistant to hostile enchantments. (MR+) [evolution]
  4763 | D:3      | XOM: divination: detect items
  4831 | D:3      | HP: 3/49 [hobgoblin/club (3)]
  4834 | D:3      | HP: 1/49 [ball python (1)]
  4836 | D:3      | Slain by a hobgoblin

Vanquished Creatures
  A hound (D:3)
  A gnoll (D:3)
  An ooze (D:1)
  2 worms (D:3)
  2 leopard geckos (D:3)
  2 orcs (D:3)
  3 bats
  6 goblins
  7 hobgoblins
  7 jackals (D:3)
  A quokka (D:2)
  A ball python (D:3)
  A frilled lizard (D:3)
  11 kobolds
  4 rats
50 creatures vanquished.

Vanquished Creatures (others)
  A worm (D:3)
1 creature vanquished.

Grand Total: 51 creatures vanquished
